 Dungeon Crawl Stone Soup version 0.18-a0-5-gf1fb587 (webtiles) character file.

324290 4thArraOfDagon the Bludgeoner (level 20, -3/170 HPs)
             Began as a Centaur Berserker on Oct 30, 2015.
             Was the Champion of Makhleb.
             Hit by a large rock thrown by a stone giant (37 damage)
             ... on level 4 of the Vaults on Oct 31, 2015.
             The game lasted 03:15:30 (23547 turns).

4thArraOfDagon the Bludgeoner (Centaur Berserker)  Turns: 23547, Time: 03:15:30

Health: -3/170     AC: 25    Str: 26    XL:     20   Next: 32%
Magic:  28/28      EV:  7    Int: 14    God:    Makhleb [******]
Gold:   1237       SH:  0    Dex: 12    Spells: 6 memorised, 14 levels left

rFire  + + +     SeeInvis .     y - +8 battleaxe of the Mosquito {flame, rF++ rC- Int+4}
rCold  x . .     Rnd*Rage +     Y - +3 pearl dragon armour
rNeg   + . .     SustAt   .     (no shield)
rPois  +         Gourm    .     (helmet restricted)
rElec  .         Spirit   .     b - +1 cloak {MR+}
rCorr  .         Warding  .     C - +0 pair of gloves
rMut   .         Rnd*Tele +     A - +0 centaur barding {rF+}
MR     ++...                    H - amulet of rage
Stlth  +.........               M - ring of poison resistance
                                u - ring of teleportation

@: exhausted, slowed, very resistant to hostile enchantments, very unstealthy
A: beak, hooves 3, rugged brown scales 1, agile 1, berserk 1, blink, deformed
body, deterioration 1, fire resistance 1, speed 2, strong 1, tough skin 3
a: Blink, Minor Destruction, Lesser Servant of Makhleb, Major Destruction,
Greater Servant of Makhleb, Renounce Religion, Evoke Berserk Rage, Evoke
Teleportation
}: 3/15 runes: decaying, serpentine, slimy


You were on level 4 of the Vaults.
You worshipped Makhleb.
Makhleb was exalted by your worship.
You were hungry.

You visited 9 branches of the dungeon, and saw 50 of its levels.
You visited the Abyss 1 time.
You also visited: Labyrinth.

You collected 4039 gold pieces.
You spent 2802 gold pieces at shops.

Inventory:

Hand Weapons
 y - the +8 battleaxe of the Mosquito (weapon) {flame, rF++ rC- Int+4}
   (You took it off a deep elf annihilator on level 3 of the Elven Halls)

   It has been specially enchanted to burn those struck by it, causing extra
   injury to most foes and up to half again as much damage against particularly
   susceptible opponents.
   Big, fiery blades are also staple armaments of hydra-hunters.
   It affects your intelligence (+4).
   It greatly protects you from fire.
   It makes you vulnerable to cold.
 X - the cursed +14 obsidian axe {chop, +Fly Str+3 SInv *Curse}
   (You took it off a deep elf summoner on level 3 of the Elven Halls)

   It inflicts extra damage upon your enemies.
   It affects your strength (+3).
   It lets you see invisible.
   It lets you fly.
   It may re-curse itself when equipped.
   It has a curse placed upon it.
Missiles
 J - a throwing net (quivered)
Armour
 b - a +1 cloak of magic resistance (worn)
 r - the +1 cloak of Happiness {rC- MR+ Str+4 Int+3}
   (You found it on level 6 of the Pits of Slime)

   It affects your strength (+4).
   It affects your intelligence (+3).
   It makes you vulnerable to cold.
   It affects your resistance to hostile enchantments.
 A - a +0 centaur barding of fire resistance (worn)
 C - a +0 pair of gloves (worn)
 Y - a +3 pearl dragon armour (worn)
Jewellery
 f - a +4 ring of slaying
 i - the ring of the Salmon {Ice MR+}
   (You took it off an orc sorcerer on level 3 of the Elven Halls)

   [ring of ice]

   It enhances your ice magic, and weakens your fire magic.
   It makes you vulnerable to fire.
   It protects you from cold.
   It affects your resistance to hostile enchantments.
 j - the ring of Shadows {Umbra +Inv rN+ SInv}
   (You found it in a labyrinth)

   [ring of invisibility]

   It protects you from negative energy.
   It lets you see invisible.
   It lets you turn invisible.
 k - the ring of Jouboobbi {rElec EV+2 Str-4 Int+4 Dex+2}
   (You found it on level 6 of the Pits of Slime)

   [ring of evasion]

   It affects your evasion (+2).
   It affects your strength (-4).
   It affects your intelligence (+4).
   It affects your dexterity (+2).
   It insulates you from electricity.
 s - the ring of the Good {MR+ MP+9 AC+2 Int-2 Dex+3}
   (You found it in a labyrinth)

   [ring of protection]

   It affects your AC (+2).
   It affects your intelligence (-2).
   It affects your dexterity (+3).
   It affects your resistance to hostile enchantments.
   It affects your magic capacity (+9).
 u - a ring of teleportation (left hand)
 B - the amulet of the Four Winds {Clar rN+ MR+++}
   (You took it off a deep elf summoner on level 3 of the Elven Halls)

   [amulet of clarity]

   It provides mental clarity.
   It protects you from negative energy.
   It affects your resistance to hostile enchantments.
 E - an uncursed amulet of regeneration
 H - an amulet of rage (around neck)
 M - a ring of poison resistance (right hand)
Wands
 D - a wand of teleportation (9)
 N - a wand of digging (13)
Scrolls
 l - a scroll of recharging
 m - 2 scrolls of teleportation
 w - 7 scrolls of remove curse
 K - a scroll of silence
 L - 2 scrolls of fog
 P - 5 scrolls of immolation
 Q - 5 scrolls of holy word
 T - 11 scrolls of identify
 U - a scroll of brand weapon
 Z - 4 scrolls of blinking
Potions
 a - 2 potions of flight
 d - 6 potions of lignification
 e - 6 potions of curing
 g - a potion of resistance
 h - a potion of magic
 q - 2 potions of cure mutation
 v - 4 potions of haste
 x - 3 potions of agility
 S - a potion of ambrosia
 V - 3 potions of might
Books
 n - a book of the Warp

   Spells                             Type                      Level
   a - Recall                         Summoning/Translocation      3
   b - Gell's Gravitas                Hexes/Translocation          3
   c - Force Lance                    Conjuration/Translocation    4
   d - Phase Shift                    Translocation                5
   e - Warp Weapon                    Charms/Translocation         5
   f - Summon Forest                  Summoning/Translocation      5
 z - a book of Burglary

   Spells                             Type                      Level
   a - Swiftness                      Charms/Air                   2
   b - Passwall                       Transmutation/Earth          3
   c - Passage of Golubria            Translocation                4
   d - Lee's Rapid Deconstruction     Earth                        5
   e - Darkness                       Hexes                        6
   f - Invisibility                   Hexes                        6
 F - an Akashic Record

   Spells                             Type                      Level
   a - Dispersal                      Translocation                6
   b - Malign Gateway                 Summoning/Translocation      7
   c - Disjunction                    Translocation                8
   d - Controlled Blink               Translocation                8
Miscellaneous
 t - a phial of floods
 G - a lamp of fire
 I - a box of beasts
 W - a fan of gales
Comestibles
 c - 6 bread rations
 p - 15 meat rations


   Skills:
 - Level 11.4 Fighting
 - Level 17.0(20.0) Axes
   Level 17.6(20.0) Maces & Flails
   Level 5.4(12.6) Polearms
 + Level 8.8 Armour
 + Level 3.7 Dodging
 - Level 8.0 Stealth
 + Level 5.6 Spellcasting
 * Level 6.1 Charms
 - Level 9.0 Translocations
 - Level 4.7 Air Magic
 * Level 3.0 Invocations
 - Level 8.1 Evocations


You had 14 spell levels left.
You knew the following spells:

 Your Spells              Type           Power        Failure   Level  Hunger
a - Apportation           Tloc           ####......   1%          1    None
b - Repel Missiles        Chrm/Air       ###...       10%         2    ##.....
c - Passage of Golubria   Tloc           N/A          12%         4    ####...
d - Haste                 Chrm           ###.....     100%        6    #######
e - Summon Butterflies    Summ           #.......     45%         1    None
f - Swiftness             Chrm/Air       ###.....     10%         2    ##.....


Dungeon Overview and Level Annotations

Branches:
Dungeon (15/15)            Temple (1/1) D:6            Lair (8/8) D:11
  Swamp (4/4) Lair:3        Snake (4/4) Lair:5        Slime (6/6) Lair:7
    Orc (4/4) D:10            Elf (3/3) Orc:3        Vaults (5/5) D:13
  Crypt: Vaults:2-3  Depths: D:15

Altars:
Ashenzari
Cheibriados
Dithmenos
Elyvilon
Fedhas
Gozag
Kikubaaqudgha
Makhleb
Nemelex Xobeh
Okawaru
Qazlal
Ru
Sif Muna
Trog
Vehumet
Xom
Yredelemnul
Zin
The Shining One
Beogh
Jiyva

Shops:
D:4 (*(}   D:12 ?   Orc:4 (??([   Elf:3 :   Snake:1 *   Snake:4 *   Vaults:4 *

Annotations:
D:3 xeno23's ghost, amateur HOGl
D:8 kal9871's ghost, novice HaBe
Snake:3 Mara
Vaults:4 teron's ghost, veteran MfBe


Innate Abilities, Weirdness & Mutations

You have hooves in place of feet.
Armour fits poorly on your strangely shaped body.
You cover ground very quickly.
You have extremely tough skin (AC +3).
You have a beak for a mouth.
You are partially covered in rugged brown scales (AC +1, +3% HP).
You are agile. (Dex +2)
You tend to lose your temper in combat.
You can translocate small distances at will.
Your body sometimes deteriorates upon taking damage.
Your flesh is heat resistant.
Your muscles are strong. (Str +2)


Message History

Read which item? (? for menu, Esc to quit)
As you read the scroll of fear, it crumbles to dust.
You assume a fearsome visage.
The stone giant resists with almost no effort.
You are covered in liquid flames!
* * * LOW HITPOINT WARNING * * *
The stone giant throws a large rock.
The large rock hits you!
* * * LOW HITPOINT WARNING * * *
Unknown command.
Read which item? (? for menu, Esc to quit)
Blink to where?
Press: ? - help, Dir - move target cursor, f - you
Okay, then.
Unknown command.
Drink which item? (? for menu, Esc to quit)
You feel better.
You are covered in liquid flames!
The stone giant throws a large rock.
The large rock barely misses you.
The stone giant throws a large rock.
The large rock hits you!!!
You die...

...#.......#)[)....#.............
[..#.......#)>)....#.............
<..#)......#)))...T'.............
...#.......#.......#.............
...#.......#.......#...........##
...#.......#.......#...........#.
...#.......#########...........#.
...#..)........................#.
...#........(...@..C...........#.
#(##...........................#.
.........#######...............#.
.(.......# #...............#.
.........# #...............#.
.........# #...............#.
........## #...............#.
...###### ######..........#. ...#
##### ..........##


You could see a stone giant.

Vanquished Creatures
  the royal jelly (Slime:6)
  Sojobo (Vaults:4)
  Rupert (Lair:7)
  2 liches
  A tentacled monstrosity (Vaults:3)
  A deep elf master archer (Elf:3)
  17 acid blobs
  An ancient champion (Vaults:2)
  2 tengu reavers (Vaults:4)
  A storm dragon (Vaults:3)
  2 greater nagas (Snake:4)
  A thorn hunter (Swamp:4)
  Roxanne (Swamp:2)
  9 azure jellies
  The ghost of Kolbur the Phalangite, an adept MfIE of the Shining One (Slime:6)
  A ghost moth (shapeshifter) (Elf:2)
  12 deep elf sorcerers (Elf:3)
  Maud (Lair:6)
  A fire giant (Vaults:3)
  7 vault wardens
  Aizul (Snake:3)
  8 stone giants
  The ghost of spinkules the Executioner, a journeyman MiBe of Trog (Lair:5)
  12 ironheart preservers
  7 deep elf demonologists (Elf:3)
  Nessos (Lair:5)
  8 deep elf annihilators
  A minotaur (Lab)
  A crystal guardian (Vaults:2)
  4 deep elf death magi
  25 vault guards
  4 yaktaur captains
  3 great orbs of eyes
  The ghost of bart the Covert, a journeyman VSCK of Ru (Lair:7)
  2 death oozes
  2 rakshasas (D:14)
  Erolcha (D:9)
  A deep elf high priest (Elf:3)
  Fannar (Orc:2)
  8 naga warriors
  2 ghost crabs (Swamp:4)
  6 anacondas
  A catoblepas (Lair:6)
  6 centaur warriors
  14 hydras
  2 dancing weapons (D:13)
  8 ogre magi
  The ghost of DEFE the Shield-Bearer, a novice DgFi (D:10)
  A deep troll shaman (Vaults:4)
  5 naga sharpshooters
  A deep troll earth mage (Vaults:4)
  3 death yaks (Lair:6)
  3 orc high priests
  4 shock serpents
  5 deep elf knights
  2 spriggans (Swamp:3)
  2 giant orange brains
  8 sea snakes (Snake:4)
  4 naga ritualists
  3 deep elf summoners
  2 unseen horrors (Vaults:1)
  5 ironbrand convokers
  A shadow wraith (Vaults:3)
  10 hill giants
  A flayed ghost (Vaults:4)
  10 deep trolls
  Pikel (D:6)
  4 ugly things
  10 swamp dragons
  11 orc knights
  A wolf spider zombie (D:14)
  A wolf spider (Vaults:4)
  4 harpies (Vaults:4)
  A harpy (shapeshifter) (Elf:1)
  A salamander (Snake:4)
  4 griffons
  6 mana vipers
  4 orc sorcerers
  10 deep elf conjurers
  2 manticores (Elf:3)
  A moth of wrath (shapeshifter) (Vaults:3)
  4 cyclopes
  3 elephants (Lair:4)
  4 shining eyes
  7 naga magi
  5 vault sentinels
  Joseph (D:7)
  A centaur skeleton (D:15)
  2 gargoyles
  6 guardian serpents (Snake:4)
  A komodo dragon (shapeshifter) (Vaults:1)
  21 black mambas
  4 orange demons (Elf:3)
  13 spiny frogs
  8 komodo dragons
  12 deep elf priests
  A tengu conjurer (D:14)
  A freezing wraith (Vaults:3)
  20 yaktaurs
  A merfolk (shapeshifter) (Elf:2)
  A fire drake (Lair:8)
  12 polar bears
  5 blink frogs (Lair:8)
  20 two-headed ogres
  4 bog bodies
  95 slime creatures
  13 trolls
  6 giant leeches (Lair:8)
  2 boulder beetles
  A trapdoor spider (D:12)
  4 wyverns
  Sigmund (D:2)
  A redback (Vaults:2)
  19 deep elf magi
  31 yaks
  11 hippogriffs
  21 deep elf fighters
  A human (D:8)
  11 wolves
  6 basilisks
  14 swamp worms
  A steam dragon (Lair:4)
  18 vampire mosquitoes
  8 wargs
  Edmund (D:4)
  3 insubstantial wisps (Swamp:4)
  29 nagas
  2 soldier ants
  3 water moccasins
  27 orc warriors
  3 sky beasts
  3 wasps
  6 porcupines
  8 black bears
  18 swamp drakes
  An ice beast (D:6)
  6 eyes of draining
  55 ogres
  2 phantoms
  An ogre (shapeshifter) (Vaults:2)
  A necrophage (D:10)
  10 crocodiles
  5 centaurs
  26 giant frogs
  4 big kobolds
  2 scorpions (Elf:3)
  3 wyvern skeletons
  13 killer bees
  4 electric eels
  A giant frog zombie (D:8)
  22 jellies
  A small abomination (Abyss:1)
  8 crimson imps
  A wight (D:7)
  16 orc priests
  5 centaur zombies
  3 hounds
  21 orc wizards
  4 giant frog skeletons
  Natasha (D:4)
  4 iguanas
  12 worker ants
  7 sheep
  5 adders
  14 river rats
  5 shadow imps
  3 oozes
  2 adder skeletons
  2 giant geckos
  154 orcs
  A ball python (D:2)
  9 giant cockroaches
  4 hobgoblins
  2 jackals (D:3)
  3 quokkas
  7 bats
  A giant gecko zombie (D:8)
  A giant newt (D:1)
  6 goblins
  8 kobolds
  A quokka skeleton (D:4)
  2 rats
  A briar patch (Swamp:4)
  4 fungi
1325 creatures vanquished.

Vanquished Creatures (collateral kills)
  the Lernaean hydra (Swamp:4)
  A deep elf blademaster (Elf:3)
  2 acid blobs (Slime:6)
  3 azure jellies (Slime:6)
  A fire giant (D:11)
  A death ooze (Slime:6)
  A hydra (Swamp:4)
  A shining eye (Slime:6)
  An eye of devastation (Slime:5)
  A spiny frog (Lair:8)
  2 black mambas
  A troll (Orc:4)
  A vampire mosquito (Lair:8)
  An ogre (Orc:4)
  An orc (Orc:4)
19 creatures vanquished.

Vanquished Creatures (others)
  2 deep elf knights (Elf:2)
  A spiny frog (Swamp:4)
  An adder (D:9)
  2 orcs
  5 fungi (Lair:8)
  4 plants
15 creatures vanquished.

Grand Total: 1359 creatures vanquished

Notes
Turn   | Place    | Note
--------------------------------------------------------------
     0 | D:1      | 4thArraOfDagon the Centaur Berserker began the quest for the Orb.
     0 | D:1      | Reached XP level 1. HP: 19/19 MP: 1/1
   161 | D:1      | Reached XP level 2. HP: 17/26 MP: 2/2
   296 | D:2      | Found a glowing golden altar of the Shining One.
   300 | D:2      | Noticed Sigmund
   316 | D:2      | Killed Sigmund
   316 | D:2      | Reached skill level 4 in Polearms
   316 | D:2      | Reached XP level 3. HP: 33/33 MP: 3/3
   316 | D:2      | Reached XP level 4. HP: 40/40 MP: 4/4
   316 | D:2      | Reached XP level 5. HP: 46/46 MP: 5/5
   557 | D:3      | Reached ** piety under Trog
   650 | D:3      | Noticed xeno23's ghost (amateur HOGl)
   691 | D:4      | Found Syfrae's General Store.
   696 | D:4      | Bought a scroll of teleportation for 30 gold pieces
   708 | D:4      | Found Vineschu's Antique Weapon Shoppe.
   727 | D:4      | Bought a scroll of identify for 20 gold pieces
   853 | D:4      | Found Uzebas's Gadget Boutique.
   992 | D:4      | Noticed Natasha
   994 | D:4      | Noticed Edmund
  1014 | D:4      | Killed Edmund
  1014 | D:4      | Reached XP level 6. HP: 48/52 MP: 6/6
  1015 | D:4      | Killed Natasha
  1046 | D:4      | Noticed an ogre
  1074 | D:4      | Noticed an ogre
  1086 | D:4      | Killed an ogre
  1086 | D:4      | Reached skill level 5 in Polearms
  1174 | D:4      | Killed an ogre
  1174 | D:4      | Reached XP level 7. HP: 60/60 MP: 7/7
  1308 | D:5      | Entered Level 5 of the Dungeon
  1353 | D:4      | Found Sawkyged's Weapon Shoppe.
  1484 | D:5      | Reached *** piety under Trog
  1484 | D:5      | Reached skill level 1 in Maces & Flails
  1691 | D:6      | Found a runed door.
  1693 | D:6      | Found a runed door.
  1730 | D:6      | Reached XP level 8. HP: 67/67 MP: 8/8
  1811 | D:6      | Found a viscous altar of Jiyva.
  1818 | D:6      | Reached skill level 5 in Maces & Flails
  2016 | D:7      | Reached skill level 6 in Maces & Flails
  2162 | D:6      | Found a staircase to the Ecumenical Temple.
  2169 | D:6      | Noticed Pikel
  2177 | D:6      | Killed Pikel
  2177 | D:6      | Reached skill level 7 in Maces & Flails
  2177 | D:6      | Reached XP level 9. HP: 72/72 MP: 8/10
  2420 | D:9      | Reached **** piety under Trog
  2484 | D:8      | Noticed kal9871's ghost (novice HaBe)
  2491 | D:8      | Noticed a hill giant
  2513 | D:8      | Killed a hill giant
  2513 | D:8      | Reached skill level 8 in Maces & Flails
  2696 | D:9      | Noticed Erolcha
  2742 | D:9      | Killed Erolcha
  2742 | D:9      | Reached skill level 9 in Maces & Flails
  2749 | D:9      | Reached XP level 10. HP: 80/80 MP: 13/13
  2784 | D:9      | Reached skill level 5 in Evocations
  2862 | D:10     | Entered Level 10 of the Dungeon
  2886 | D:10     | Noticed a hill giant
  2893 | D:10     | Killed a hill giant
  2893 | D:10     | Reached skill level 10 in Maces & Flails
  3001 | D:10     | Gained mutation: You are partially covered in rugged brown scales (AC +1, +3% HP). [mutagenic meat]
  3002 | D:10     | Gained mutation: Your muscles are strong. (Str +2) [mutagenic meat]
  3003 | D:10     | Gained mutation: Your body sometimes deteriorates upon taking damage. [mutagenic meat]
  3004 | D:10     | Gained mutation: You can translocate small distances at will. [mutagenic meat]
  3014 | D:10     | n bad
  3075 | D:10     | Noticed DEFE's ghost (novice DgFi)
  3201 | D:11     | Noticed a fire giant
  3209 | D:11     | Killed a fire giant
  3219 | D:11     | rly?
  3379 | D:11     | Reached skill level 11 in Maces & Flails
  3435 | D:11     | Reached XP level 11. HP: 87/87 MP: 14/16
  3486 | D:11     | Found a staircase to the Lair.
  3803 | D:12     | Gained mutation: You have a beak for a mouth. [mutagenic meat]
  3883 | D:12     | Reached skill level 12 in Maces & Flails
  4351 | D:13     | Noticed a centaur warrior
  4363 | D:13     | Killed a centaur warrior
  4387 | D:13     | Gained mutation: You tend to lose your temper in combat. [mutagenic meat]
  4406 | D:13     | it goes quite ragey
  4596 | D:13     | Noticed a centaur warrior
  4599 | D:13     | Noticed a centaur warrior
  4612 | D:13     | Killed a centaur warrior
  4612 | D:13     | Reached skill level 5 in Fighting
  4612 | D:13     | Reached skill level 13 in Maces & Flails
  4616 | D:13     | Killed a centaur warrior
  4671 | D:13     | Noticed an enchanted long sword
  4672 | D:13     | Found a gate to the Vaults.
  4700 | D:13     | Killed an enchanted long sword
  4742 | D:13     | Noticed an enchanted long sword
  4756 | D:13     | Killed an enchanted long sword
  4756 | D:13     | Reached XP level 12. HP: 97/97 MP: 18/18
  4808 | D:13     | Noticed a hill giant
  4812 | D:13     | Killed a hill giant
  4832 | D:13     | Noticed a hill giant
  4871 | D:13     | Killed a hill giant
  4873 | D:13     | remove rune lock
  5011 | D:15     | Entered Level 15 of the Dungeon
  5527 | D:12     | Found Yserink's Magic Scroll Emporium.
  5537 | D:12     | Bought a scroll of magic mapping for 35 gold pieces
  5537 | D:12     | Bought 2 scrolls of magic mapping for 70 gold pieces
  5537 | D:12     | Bought a scroll of teleportation for 30 gold pieces
  5537 | D:12     | Bought a scroll of teleportation for 30 gold pieces
  5537 | D:12     | Bought a scroll of enchant weapon for 75 gold pieces
  5537 | D:12     | Bought a scroll of holy word for 75 gold pieces
  5537 | D:12     | Bought a scroll of immolation for 35 gold pieces
  5537 | D:12     | Bought a scroll of noise for 10 gold pieces
  5537 | D:12     | Bought a scroll of remove curse for 30 gold pieces
  5576 | D:12     | no regen for ypu
  5754 | D:11     | Noticed Sonja
  5761 | D:11     | Noticed Sonja
  5761 | D:11     | Sonja changed into Sonja the hippogriff
  5765 | D:11     | Killed Sonja the hippogriff
  5898 | D:10     | Killed DEFE's ghost
  5911 | D:10     | rip bud
  5949 | D:10     | Reached skill level 14 in Maces & Flails
  6010 | D:10     | Noticed an orc knight
  6021 | D:10     | Killed an orc knight
  6033 | D:10     | Found a roughly hewn altar of Beogh.
  6033 | D:10     | Found a staircase to the Orcish Mines.
  6115 | D:10     | Received a gift from Trog
  6186 | Orc:1    | Entered Level 1 of the Orcish Mines
  6428 | Orc:1    | Found a roughly hewn altar of Beogh.
  6553 | Orc:3    | Found a staircase to the Elven Halls.
  6577 | Orc:3    | Reached ***** piety under Trog
  6662 | Orc:3    | Received a gift from Trog
  6702 | Orc:4    | Entered Level 4 of the Orcish Mines
  6781 | Orc:4    | Found Pisoirep's Armour Emporium.
  6823 | Orc:4    | Reached skill level 5 in Armour
  7156 | Orc:4    | Received a gift from Trog
  7358 | Orc:4    | Reached XP level 13. HP: 83/110 MP: 19/19
  7656 | Orc:4    | Found Lic Rimo's Magic Scroll Boutique.
  7661 | Orc:4    | Found Suhyam's Weapon Shop.
  7663 | Orc:4    | Found Darphior's Weapon Shoppe.
  7718 | Orc:4    | Reached skill level 15 in Maces & Flails
  7729 | Orc:4    | Found Saocuece's Magic Scroll Boutique.
  7741 | Orc:4    | Bought a scroll of magic mapping for 56 gold pieces
  7741 | Orc:4    | Bought a scroll of enchant armour for 120 gold pieces
  7766 | Orc:4    | Noticed an ogre mage
  7783 | Orc:4    | Killed an ogre mage
  7965 | Orc:3    | Received a gift from Trog
  8027 | Orc:2    | Noticed Fannar
  8044 | Orc:2    | Killed Fannar
  8216 | Orc:2    | Found an iron altar of Okawaru.
  8355 | Orc:4    | Bought a scroll of acquirement for 780 gold pieces
  8355 | Orc:4    | Bought a scroll of enchant weapon for 112 gold pieces
  8355 | Orc:4    | Bought a scroll of identify for 30 gold pieces
  8360 | Orc:4    | Got a translucent centaur barding
  8371 | Orc:4    | Identified the -1 centaur barding of the Orb {Str+4} (You acquired it on level 4 of the Orcish Mines)
  8371 | Orc:4    | :(
  8381 | Orc:4    | wasted
  8451 | Elf:1    | Entered Level 1 of the Elven Halls
  8697 | Elf:1    | Gained mutation: Your flesh is heat resistant. [potion of beneficial mutation]
  8698 | Elf:1    | Gained mutation: You are agile. (Dex +2) [potion of beneficial mutation]
  9079 | Elf:2    | Noticed a deep elf annihilator
  9085 | Elf:2    | Killed a deep elf annihilator
  9099 | Elf:2    | Got a slimy mace
  9100 | Elf:2    | Identified the +10 mace of the Moth {antimagic, rN+ MR+ MP+9 Str+2} (You found it on level 2 of the Elven Halls)
  9201 | Elf:3    | Entered Level 3 of the Elven Halls
  9201 | Elf:3    | Found Woima's Book Boutique.
  9216 | Elf:3    | bbl
  9382 | Elf:3    | Received a gift from Trog
  9441 | Elf:3    | Reached XP level 14. HP: 120/122 MP: 9/20
  9501 | Elf:3    | Reached skill level 16 in Maces & Flails
  9633 | Elf:3    | Noticed a deep elf annihilator
  9633 | Elf:3    | Noticed a deep elf sorcerer
  9633 | Elf:3    | Noticed a deep elf demonologist
  9646 | Elf:3    | Killed a deep elf annihilator
  9650 | Elf:3    | Killed a deep elf sorcerer
  9654 | Elf:3    | Reached skill level 10 in Fighting
  9662 | Elf:3    | Killed a deep elf demonologist
  9693 | Elf:3    | Got a warped silver ring
  9694 | Elf:3    | Identified the ring of the Salmon {Ice MR+} (You took it off an orc sorcerer on level 3 of the Elven Halls)
  9713 | Elf:3    | Noticed a deep elf annihilator
  9731 | Elf:3    | Killed a deep elf annihilator
  9754 | Elf:3    | Noticed a deep elf sorcerer
  9764 | Elf:3    | Killed a deep elf sorcerer
  9766 | Elf:3    | Noticed a deep elf demonologist
  9772 | Elf:3    | Killed a deep elf demonologist
  9777 | Elf:3    | Noticed a deep elf annihilator
  9778 | Elf:3    | Noticed a deep elf sorcerer
  9779 | Elf:3    | Noticed a deep elf sorcerer
  9798 | Elf:3    | Killed a deep elf annihilator
  9803 | Elf:3    | Killed a deep elf sorcerer
  9809 | Elf:3    | Killed a deep elf sorcerer
  9830 | Elf:3    | Noticed a deep elf master archer
  9836 | Elf:3    | Killed a deep elf master archer
  9838 | Elf:3    | Noticed a deep elf sorcerer
  9841 | Elf:3    | Killed a deep elf sorcerer
  9852 | Elf:3    | Noticed a deep elf sorcerer
  9864 | Elf:3    | Killed a deep elf sorcerer
  9889 | Elf:3    | Noticed a deep elf sorcerer
  9889 | Elf:3    | Noticed a deep elf sorcerer
  9903 | Elf:3    | Killed a deep elf sorcerer
  9910 | Elf:3    | Killed a deep elf sorcerer
  9910 | Elf:3    | Reached skill level 17 in Maces & Flails
  9913 | Elf:3    | Noticed a deep elf demonologist
  9928 | Elf:3    | Noticed a cacodemon
  9928 | Elf:3    | Killed a deep elf demonologist
  9950 | Elf:3    | Noticed a deep elf demonologist
  9953 | Elf:3    | Noticed a Hell Sentinel
  9971 | Elf:3    | Noticed a Hell Sentinel
  9974 | Elf:3    | Killed a deep elf demonologist
  9982 | Elf:3    | Noticed a deep elf demonologist
 10002 | Elf:3    | Killed a deep elf demonologist
 10003 | Elf:3    | Noticed a deep elf sorcerer
 10024 | Elf:3    | Killed a deep elf sorcerer
 10024 | Elf:3    | Received a gift from Trog
 10041 | Elf:3    | Noticed a deep elf sorcerer
 10067 | Elf:3    | Killed a deep elf sorcerer
 10105 | Elf:3    | Noticed a deep elf blademaster
 10121 | Elf:3    | Noticed a deep elf demonologist
 10122 | Elf:3    | Killed a deep elf blademaster
 10122 | Elf:3    | Reached XP level 15. HP: 107/132 MP: 10/21
 10146 | Elf:3    | Cast into the Abyss (deep elf demonologist)
 10302 | Abyss:2  | Found a corrupted altar of Lugonu.
 10343 | Elf:3    | Escaped the Abyss
 10349 | Elf:3    | Killed a deep elf demonologist
 10388 | Elf:3    | Noticed a deep elf sorcerer
 10390 | Elf:3    | Noticed a deep elf annihilator
 10409 | Elf:3    | Killed a deep elf sorcerer
 10417 | Elf:3    | Killed a deep elf annihilator
 10504 | Elf:3    | Noticed a deep elf annihilator
 10530 | Elf:3    | Killed a deep elf annihilator
 10538 | Elf:3    | Noticed a deep elf sorcerer
 10551 | Elf:3    | Killed a deep elf sorcerer
 10566 | Elf:3    | Noticed a deep elf annihilator
 10567 | Elf:3    | Noticed a deep elf annihilator
 10570 | Elf:3    | Noticed a deep elf demonologist
 10574 | Elf:3    | Killed a deep elf annihilator
 10580 | Elf:3    | Killed a deep elf annihilator
 10749 | Elf:3    | Killed a deep elf demonologist
 10837 | Elf:3    | Got a transparent leather armour
 10848 | Elf:3    | Identified the cursed +1 leather armour "Digoana" {-Tele rPois rN++ Stlth-} (You took it off a deep elf annihilator on level 3 of the Elven Halls)
 10871 | Elf:3    | Got a slimy battleaxe {flame}
 10908 | Elf:3    | Identified the +8 battleaxe of the Mosquito {flame, rF++ rC- Int+4} (You took it off a deep elf annihilator on level 3 of the Elven Halls)
 10919 | Elf:3    | Got a glittering ruby amulet
 10920 | Elf:3    | Identified the amulet "Yrghun" {Inacc rF+ Dex+3} (You found it on level 3 of the Elven Halls)
 10997 | Elf:2    | Reached skill level 1 in Axes
 11212 | Elf:1    | Received a gift from Trog
 11333 | Orc:4    | Bought a scroll of identify for 32 gold pieces
 11333 | Orc:4    | Bought a scroll of identify for 32 gold pieces
 11333 | Orc:4    | Bought a scroll of identify for 32 gold pieces
 11333 | Orc:4    | Bought a scroll of teleportation for 48 gold pieces
 11336 | Orc:4    | Bought a scroll of fear for 56 gold pieces
 11347 | Orc:4    | Bought a scroll of identify for 30 gold pieces
 11347 | Orc:4    | Bought a scroll of identify for 30 gold pieces
 11347 | Orc:4    | Bought a scroll of teleportation for 45 gold pieces
 11347 | Orc:4    | Bought a scroll of blinking for 112 gold pieces
 11347 | Orc:4    | Bought a scroll of identify for 30 gold pieces
 11347 | Orc:4    | Bought a scroll of holy word for 112 gold pieces
 11484 | Lair:1   | Entered Level 1 of the Lair of Beasts
 11565 | Lair:3   | Found a basalt altar of Yredelemnul.
 11565 | Lair:3   | Found a staircase to the Swamp.
 11596 | Lair:3   | Found a labyrinth entrance.
 11605 | Lab      | Entered a labyrinth
 11751 | Lab      | Got a scorched tin ring
 11754 | Lab      | Got a warped steel ring
 11770 | Lair:3   | Reached skill level 5 in Axes
 11868 | Lair:3   | Identified the ring of the Good {MR+ MP+9 AC+2 Int-2 Dex+3} (You found it in a labyrinth)
 11870 | Lair:3   | Identified the ring "Uruobbin" {Str+5 Stlth+} (You found it in a labyrinth)
 12007 | Lair:4   | Reached skill level 1 in Stealth
 12335 | Lair:7   | Found a staircase to the Slime Pits.
 12377 | Lair:7   | Noticed Rupert
 12400 | Lair:6   | Noticed Maud
 12421 | Lair:6   | Killed Maud
 12513 | Lair:7   | Killed Rupert
 12541 | Lair:7   | You fall through a shaft!
 12541 | Lair:8   | Entered Level 8 of the Lair of Beasts
 13072 | Lair:8   | Reached XP level 16. HP: 41/142 MP: 22/22
 13168 | Lair:8   | Got a jewelled flail
 13169 | Lair:8   | Identified the +7 flail of Kulawu {crush, +Rage MR+ Str-5 Int+7} (You found it on level 8 of the Lair of Beasts)
 13369 | Lair:7   | Noticed bart's ghost (journeyman VSCK)
 13379 | Lair:7   | Killed bart's ghost
 13497 | Lair:5   | Noticed Nessos
 13550 | Lair:5   | Killed Nessos
 13636 | Lair:5   | Noticed spinkules's ghost (journeyman MiBe)
 13645 | Lair:5   | Killed spinkules's ghost
 13888 | Swamp:1  | Entered Level 1 of the Swamp
 14047 | Swamp:1  | HP: 2/142 [bog body/bolt of cold (40)]
 14298 | Swamp:2  | Noticed Roxanne
 14322 | Swamp:4  | Entered Level 4 of the Swamp
 14490 | Swamp:3  | HP: 6/142 [spriggan rider/spear (17)]
 14647 | Swamp:2  | Killed Roxanne
 14649 | Swamp:2  | Identified Roxanne's Almanac of Clay and Conjuration (You took it off Roxanne on level 2 of the Swamp)
 14731 | Swamp:2  | Reached skill level 10 in Axes
 14993 | Swamp:4  | Reached skill level 5 in Stealth
 15319 | Swamp:4  | Noticed the 27-headed Lernaean hydra
 15330 | Swamp:4  | Killed the 26-headed Lernaean hydra
 15373 | Swamp:4  | Got a decaying rune of Zot
 15853 | Lair:5   | Found a staircase to the Snake Pit.
 15858 | Snake:1  | Entered Level 1 of the Snake Pit
 15985 | Snake:1  | Reached XP level 17. HP: 119/148 MP: 4/23
 15993 | Snake:1  | Found Hogusus's Assorted Antiques.
 16002 | Snake:1  | Bought a scroll of teleportation for 129 gold pieces
 16002 | Snake:1  | Bought a potion of lignification for 129 gold pieces
 16099 | Snake:3  | Noticed Mara
 16239 | Snake:3  | Noticed Aizul
 16256 | Snake:3  | Killed Aizul
 16360 | Snake:4  | Entered Level 4 of the Snake Pit
 16360 | Snake:4  | Found Aqunem's Assorted Antiques.
 16378 | Snake:4  | Bought a scroll of magic mapping for 105 gold pieces
 17155 | Snake:4  | Upgraded the game from 0.18-a0-1-gfac8111 to 0.18-a0-5-gf1fb587
 17291 | Snake:4  | Got a serpentine rune of Zot
 17332 | Snake:3  | Noticed 4thArraOfDagon's illusion
 17602 | Slime:1  | Entered Level 1 of the Pits of Slime
 17957 | Slime:5  | Received a gift from Trog
 18146 | Slime:5  | Reached XP level 18. HP: 144/155 MP: 24/24
 18223 | Slime:6  | Entered Level 6 of the Pits of Slime
 18348 | Slime:6  | Noticed Kolbur's ghost (adept MfIE)
 18411 | Slime:6  | Reached skill level 15 in Axes
 18664 | Slime:6  | Killed Kolbur's ghost
 18714 | Slime:6  | Found a viscous altar of Jiyva.
 18768 | Slime:6  | Noticed the royal jelly
 18812 | Slime:6  | Received a gift from Trog
 19542 | Slime:6  | Killed the royal jelly
 19657 | Slime:6  | Got a slimy glass ring
 19658 | Slime:6  | Identified the ring of Jouboobbi {rElec EV+2 Str-4 Int+4 Dex+2} (You found it on level 6 of the Pits of Slime)
 19678 | Slime:6  | Got a crude morningstar
 19679 | Slime:6  | Identified the +10 morningstar of the Vendetta {crush, Stlth+} (You found it on level 6 of the Pits of Slime)
 19715 | Slime:6  | Got an ichor-stained cloak
 19716 | Slime:6  | Identified the +1 cloak of Happiness {rC- MR+ Str+4 Int+3} (You found it on level 6 of the Pits of Slime)
 19717 | Slime:6  | meh
 19731 | Slime:6  | Identified the Disquisition on Aid (You found it on level 6 of the Pits of Slime)
 19736 | Slime:6  | Identified a +4 rod of inaccuracy (14/14) (You found it on level 6 of the Pits of Slime)
 19761 | Slime:6  | Got a slimy rune of Zot
 19863 | Lair:7   | Was placed under penance by Trog
 19865 | Lair:7   | Learned a level 1 spell: Apportation
 19868 | Lair:7   | Learned a level 2 spell: Repel Missiles
 19890 | Lair:6   | Learned a level 4 spell: Passage of Golubria
 19897 | Lair:6   | Learned a level 6 spell: Haste
 19897 | Lair:6   | Fell from the grace of Trog
 19903 | Lair:6   | Learned a level 1 spell: Summon Butterflies
 19908 | Lair:6   | Learned a level 2 spell: Swiftness
 20121 | D:7      | Noticed Joseph
 20129 | D:7      | Killed Joseph
 20220 | Temple   | Entered the Ecumenical Temple
 20362 | D:9      | Found a burning altar of Makhleb.
 20365 | D:9      | Noticed a green death
 20368 | D:9      | Noticed a smoke demon
 20368 | D:9      | Noticed a smoke demon
 20370 | D:9      | Became a worshipper of Makhleb the Destroyer
 20596 | Vaults:1 | Entered Level 1 of the Vaults
 20608 | Vaults:1 | Reached skill level 1 in Air Magic
 20626 | Vaults:1 | Reached skill level 1 in Charms
 20626 | Vaults:1 | Reached skill level 1 in Translocations
 20671 | Vaults:1 | Reached * piety under Makhleb
 20692 | Vaults:1 | Reached skill level 1 in Spellcasting
 20754 | Vaults:1 | Reached ** piety under Makhleb
 20825 | Vaults:1 | HP: 7/155 [ogre mage/bolt of lightning[an ironheart preserver] (38)]
 20825 | Vaults:1 | HP: 3/155 [orc/trident[an orc knight] (4)]
 20946 | D:14     | Noticed a rakshasa
 20965 | D:14     | Killed a rakshasa
 20971 | D:14     | Noticed a rakshasa
 20980 | D:14     | Killed a rakshasa
 20983 | D:14     | Reached XP level 19. HP: 85/162 MP: 25/25
 21041 | Vaults:2 | Reached *** piety under Makhleb
 21326 | Vaults:4 | Found Wat Qiaty's Assorted Antiques.
 21339 | Vaults:4 | Bought a scroll of holy word for 270 gold pieces
 21339 | Vaults:4 | Bought a scroll of fog for 72 gold pieces
 21740 | Vaults:3 | Reached **** piety under Makhleb
 22110 | Vaults:2 | Reached skill level 5 in Charms
 22172 | Vaults:2 | Reached ***** piety under Makhleb
 22215 | Vaults:2 | Reached skill level 5 in Translocations
 22789 | Vaults:4 | Noticed Sojobo
 22789 | Vaults:4 | Noticed teron's ghost (veteran MfBe)
 22815 | Vaults:4 | Killed Sojobo
 22815 | Vaults:4 | Reached skill level 5 in Spellcasting
 22824 | Vaults:4 | Reached ****** piety under Makhleb
 22824 | Vaults:4 | Reached XP level 20. HP: 170/170 MP: 21/27
 23099 | Vaults:5 | Entered Level 5 of the Vaults
 23249 | Vaults:4 | Reached skill level 1 in Invocations
 23365 | Vaults:4 | Got an encrusted ring mail
 23393 | Vaults:3 | Identified the +5 ring mail "Diliona" {-Cast Regen+ MP+9} (You found it on level 4 of the Vaults)
 23547 | Vaults:4 | Hit by a large rock thrown by a stone giant

Vault maps used:
D:1:      dpeg_arrival_court
D:2:      hangedman_decor_points, tso_metal_star, uniq_sigmund
D:3:      serial_park_tiny_2, uniq_crazy_yiuf_cottage
D:4:      first_bread, serial_shops, kennysheep_mini_moat,
          nicolae_shop_waterfront, shop, shop_statue, nicolae_zen_rock_garden,
          uniq_edmund, uniq_natasha
D:6:      lemuel_insect_pit, temple_doors_e, jiyva_altar_1, uniq_pikel
D:7:      uniq_joseph
D:8:      grunt_pizzeria, dk_vineyard_3, minivault_11, grunt_ministairs_9,
          uniq_erica, uniq_psyche
D:9:      makhleb_altar_promises_db, uniq_erolcha
D:10:     david_orc_5
D:11:     minmay_lair_entry_grove, kennysheep_just_a_vault, uniq_sonja
D:12:     serial_shops, shop
D:13:     erik_vaults_1, minivault_19
D:14:     kennysheep_doodads, serial_bayou_pond_c, uniq_josephine, uniq_frances
D:15:     grunt_enter_depths_hoard
Temple:   grunt_circular_temple_18
Lair:2:   uniq_harold
Lair:3:   swamp_mist_pool, lab_entry_generic, minmay_stone_trees_small,
          lemuel_oklob_altar, infiniplex_staircase_pool
Lair:4:   beast_lair_carwin_7
Lair:5:   dummy_snake_entry, beast_lair_carwin_4, uniq_nessos
Lair:6:   beast_lair_carwin_large_1, columned_hall_lemuel, uniq_maud
Lair:7:   minmay_slime_entry_pillars, minmay_holes, kb_xom_exploding_sheep,
          serial_bayou_shore_a, lemuel_fruit_fields, grunt_megastairs_2,
          uniq_rupert
Lair:8:   minmay_lair_end_frog_pond
Swamp:1:  evilmike_swamp_ruin_house_5, uniq_kirke
Swamp:2:  evilmike_swamp_ruin_house_1, uniq_roxanne
Swamp:3:  nicolae_swamp_trees_clearing, swamp_pool3
Swamp:4:  swamp
Snake:1:  serial_shops, shop_fountains, nrook_guardian_serpent_double,
          serial_bayou_shore_b
Snake:2:  serial_bayou_shore_b
Snake:3:  hangedman_corner_corridor, uniq_asterion, uniq_mara, uniq_aizul,
          uniq_vashnia
Snake:4:  grunt_snake_rune_pools, serial_shops, nicolae_shop_overgrown_old_shop
Slime:3:  cheibrodos_slime_lost_civilization_2
Slime:4:  nicolae_slime_welcoming_committee
Orc:1:    basic_altar
Orc:2:    david_defended_altar_orc, uniq_fannar
Orc:3:    nicolae_orc_pool_cavern
Orc:4:    st_orc_open, serial_shops, nicolae_shop_statue_plus
Elf:1:    eino_elf_arrival_customs, minivault_28, uniq_louise
Elf:3:    minmay_elf_hall_x, serial_shops, shop, serial_sigils_hangedman_stare,
          einodemon_barbed_minivault
Vaults:1: nicolae_vaults_gold_heap, vaults_room_semicircle, vaults_dpeg_spiral,
          vaults_room_grid, vaults_mumra_bighexcomb, grunt_vaults_hallway_long,
          v_misc_12, hangedman_vaults_hat, nicolae_vaults_what_the_h, v_misc_26,
          vaults_room_corners, vaults_room_grunt_arrival_ludios, serial_shops,
          shop
Vaults:2: v_pattern_4, v_rooms_4, nicolae_vaults_theta, hangedman_vaults_stream,
          vaults_room_door_ring, minmay_crypt_entry_simple_walls,
          v_alt_pattern_6, ontoclasm_vaults_ring_large,
          hangedman_vaults_river_flow, v_misc_25, ontoclasm_vaults_ligature,
          hangedman_vaults_stretched_pinwheel, v_misc_23,
          dpeg_vaults_monster_row, nicolae_vaults_shelves_hall,
          ontoclasm_vaults_gateway, st_cells, serial_shops, shop
Vaults:3: v_misc_3, vaults_room_hallway, hangedman_vaults_nodes, v_rooms_3,
          nicolae_vaults_diagonal_hallway_7, vaults_room_ringed_pool,
          vaults_dpeg_diagonal, ontoclasm_vaults_shout, ontoclasm_vaults_spin,
          v_misc_27, nicolae_vaults_twisting_passages, vaults_room_semicircle
Vaults:4: v_misc_26, v_pattern_1, nicolae_vaults_little_ls,
          hangedman_vaults_variations, v_misc_4, serial_shops,
          nicolae_shop_window_shopping, uniq_sojobo
Vaults:5: serial_shops, uniq_saint_roka, uniq_wiglaf
Abyss:1:  hangedman_cross_veins
Abyss:2:  hangedman_abyss_or_decor_stabs
Lab:      labyrinth_mini_lab, labyrinth_glass_1, nicolae_lab_diamond

Action                   |  1- 3 |  4- 6 |  7- 9 | 10-12 | 13-15 | 16-18 | 19-21 || total
-------------------------+-------+-------+-------+-------+-------+-------+-------++-------
Melee: Spear             |    66 |   135 |    54 |       |       |       |       ||   255
       Flail             |       |       |   202 |   726 |   320 |       |       ||  1248
       Mace              |       |       |       |       |   397 |       |       ||   397
       Battleaxe         |       |       |       |       |   275 |  1132 |   511 ||  1918
Throw: Javelin           |       |       |       |     2 |       |       |       ||     2
 Cast: Repel Missiles    |       |       |       |       |       |       |     2 ||     2
       Passage of Golubr |       |       |       |       |       |       |     3 ||     3
Invok: Berserk           |     2 |     5 |     9 |    23 |    26 |    37 |       ||   102
       Trog's Hand       |       |       |     4 |    24 |    47 |    33 |       ||   108
       Brothers in Arms  |       |       |       |     3 |     6 |    15 |       ||    24
       Renounce Religion |       |       |       |       |       |     1 |       ||     1
       Lesser Servant of |       |       |       |       |       |       |     1 ||     1
 Abil: Evoke Teleportati |       |       |       |       |     4 |     1 |     7 ||    12
       Blink             |       |       |       |       |       |     3 |    14 ||    17
       Evoke Berserk Rag |       |       |       |       |       |       |    17 ||    17
Evoke: Wand              |       |       |       |    10 |     9 |     7 |       ||    26
       Deck              |       |       |       |       |     5 |       |       ||     5
       Phial of floods   |       |       |       |       |       |     3 |       ||     3
       Fan of gales      |       |       |       |       |       |     1 |       ||     1
       Box of beasts     |       |       |       |       |       |     4 |       ||     4
       Lamp of fire      |       |       |       |       |       |     1 |       ||     1
  Use: Scroll            |     1 |     1 |     6 |     6 |    33 |    27 |     4 ||    78
       Potion            |     1 |       |       |     3 |     5 |    15 |     3 ||    27
 Stab: Distracted        |       |       |       |       |     2 |       |       ||     2
       Sleeping          |       |       |       |       |     1 |     3 |       ||     4
  Eat: Chunk             |       |     6 |    15 |    51 |    54 |    18 |    26 ||   170
       Beef jerky        |       |       |       |     1 |     2 |     1 |       ||     4
       Pizza             |       |       |       |     1 |       |       |       ||     1
       Royal jelly       |       |       |       |     1 |     1 |       |       ||     2
       Fruit             |       |       |       |     1 |     2 |    18 |       ||    21
       Meat ration       |       |       |       |       |       |     2 |       ||     2
       Bread ration      |       |       |       |       |       |    11 |       ||    11
